 Dungeon Crawl Stone Soup version 0.30-a0-1163-gf69bf04e7a (webtiles) character file.

Game seed: 11567839188399389229

196 bobo the Magician (level 5, 0/38 HPs)
             Began as a Demonspawn Hedge Wizard on Apr 28, 2023.
             Killed by an exploding ball python (37 damage)
             ... ignited by their inner flame
             ... on level 3 of the Dungeon.
             The game lasted 00:10:24 (3014 turns).

bobo the Magician (Demonspawn Hedge Wizard)         Turns: 3014, Time: 00:10:25

Health: 0/38       AC:  4    Str: 10    XL:     5   Next: 45%
Magic:  3/10       EV: 17    Int: 17    God:
Gold:   157        SH:  0    Dex: 13    Spells: 3/11 levels left

rFire   . . .        g - +0 short sword
rCold   . . .        (no shield)
rNeg    . . .        b - +0 robe
rPois   +            c - +0 hat
rElec   .            (no cloak)
rCorr   .            (no gloves)
SInv    .            (no boots)
Will    .....        (no amulet)
Stlth   ++           e - +5 ring of evasion
HPRegen 0.26/turn    j - ring of poison resistance
MPRegen 0.12/turn

%: no passive effects
@: no status effects
A: icy blue scales 1, demonic touch 1
a: no special abilities


You were on level 3 of the Dungeon.
You visited 1 branch of the dungeon, and saw 3 of its levels.

You collected 157 gold pieces.

Inventory:

Hand Weapons
 g - a +0 short sword (weapon)
Armour
 b - a +0 robe (worn)
 c - a +0 hat (worn)
Jewellery
 e - a +5 ring of evasion (left hand)
 j - a ring of poison resistance (right hand)
Wands
 m - a wand of roots (11)
Scrolls
 a - a scroll of identify
 f - a scroll of immolation
 i - a scroll of torment {unknown}
 l - a scroll of fog {unknown}
 n - 2 scrolls of blinking {unknown}
Potions
 d - a potion of magic
 h - a potion of heal wounds {unknown}
 k - a potion of flight {unknown}
 o - a potion of invisibility {unknown}
 p - a potion of attraction {unknown}


   Skills:
 + Level 2.1 Fighting
 - Level 1.7 Dodging
 - Level 1.7 Stealth
 + Level 3.7 Spellcasting
 + Level 2.4 Conjurations
 + Level 2.0 Summonings
 + Level 1.7 Translocations
 + Level 1.0 Air Magic
 + Level 1.2 Poison Magic


You had 3 spell levels left.
You knew the following spells:

 Your Spells              Type           Power      Damage    Failure   Level
a - Magic Dart            Conj           44%        1d5       6%          1
b - Blink                 Tloc           18%        N/A       12%         2
c - Mephitic Cloud        Conj/Pois/Air  8%         N/A       26%         3
i - Call Imp              Summ           18%        N/A       11%         2

Your spell library contained the following spells:

 Spells                   Type           Power      Damage    Failure   Level
 Slow                     Hex            12%        N/A       16%         1
 Cigotuvi's Dreadful Rot  Necr/Pois/Air  10%        N/A       19%         2


Dungeon Overview and Level Annotations

Branches:
Dungeon (3/15)

Altars:
Fedhas

Portals:
Sewer: D:3

Annotations:
D:2 Sigmund


Innate Abilities, Weirdness & Mutations

You are partially covered in icy blue scales. (AC +2)
Your touch may inflict minor irresistible damage on your foes.


Message History

You kill the rat!
The kobold throws a stone.
The stone hits you but does no damage.
Your cerulean imp hits the kobold but does no damage.
The ball python barely misses you. The ball python grabs you.
The ball python constricts you.
As you read the scroll labelled GENNIESK ONEHU, it crumbles to dust.
It is a scroll of identify.
f - 2 scrolls of immolation The kobold barely misses your cerulean imp.
The orc barely misses your cerulean imp.
The ball python closely misses you. The ball python constricts you.
Your cerulean imp closely misses the kobold.
Really read the scroll of immolation?
As you read the scroll of immolation, it crumbles to dust.
The creatures around you are filled with an inner flame!
The ball python completely misses you. The ball python constricts you.
The kobold hits your cerulean imp but does no damage.
The orc hits your cerulean imp with a +0 short sword.
Flame seeps out of your cerulean imp.
Your cerulean imp is engulfed in blazing flames.
Your cerulean imp disappears in a puff of smoke!
Your cerulean imp explodes!
The fiery explosion engulfs the kobold!!
The fiery explosion engulfs the orc!!!
The orc explodes!
The fiery explosion engulfs the orc!!
The fiery explosion engulfs the orc!
The orc explodes! x2; The kobold explodes!
Your Summonings skill increases to level 2!
Casting: Mephitic Cloud (quite dangerous; 26% risk of failure)
Confirm with . or Enter, or press ? or * to list all spells.
A tiny devil pulls itself out of the air.
The ball python misses you. The ball python constricts you.
You escape the ball python's grasp.
Your cerulean imp is engulfed in blazing flames.
Your cerulean imp hits the ball python from afar with a -4 spear.
The ball python explodes!
The fiery explosion engulfs the river rat!
The fiery explosion engulfs you!!!
Ouch! That really hurt!
You die...

#.#
*####...,**,,,,,,
#.#
*...~~#*,,,,,,,,,
#.#
##..~~~#****,,,,,,
#.# #...~~~#
**,**** #.#
#B.~Sr~# ****,****
#.# #.K~~K∩#
*,,,,,,,, #.#
#§###### *,,,,,,,,
#.# #§#....#
*,,,,,,,, #.#
#@§5§§.# *,,,,,,,,
#.# ###°§§§#
******,,, #.#
#§§§§###########
#.#
#.§§§....5K.....
#.#
####.###########
#.# #.# #.# #.#
#.# #.# #.#
######.#


You could see a giant cockroach, a kobold (inner flame) and a friendly cerulean
imp (summoned).

Vanquished Creatures
  Natasha (twice) (D:2)
  An adder (D:2)
  A river rat (D:3)
  A dart slug (D:1)
  4 orcs (D:3)
  6 bats
  4 endoplasms
  A giant cockroach (D:3)
  6 goblins
  6 hobgoblins
  2 jackals (D:2)
  3 kobolds
  3 quokkas
  8 ball pythons
  A frilled lizard (D:1)
  4 rats
53 creatures vanquished.

Vanquished Creatures (collateral kills)
  Natasha (D:2)
  An iguana (D:3)
  An adder (D:3)
  2 giant cockroaches
  A goblin (D:3)
  2 hobgoblins
  A jackal (D:2)
  A kobold (D:2)
  2 ball pythons
  3 rats
15 creatures vanquished.

Grand Total: 68 creatures vanquished

Notes
Turn   | Place    | Note
-------+----------+-------------------------------------------
     0 | D:1      | bobo the Demonspawn Hedge Wizard began the quest for the
                  | Orb.
     0 | D:1      | Reached XP level 1. HP: 13/13 MP: 4/4
   221 | D:1      | Gained mutation: Your touch may inflict minor irresistible
                  | damage on your foes. [demonic ancestry]
   221 | D:1      | Reached XP level 2. HP: 20/20 MP: 3/6
   280 | D:1      | Learned a level 2 spell: Call Imp
   283 | D:1      | Learned a level 2 spell: Blink
   356 | D:1      | Reached skill level 1 in Fighting
   844 | D:1      | Reached skill level 1 in Translocations
   971 | D:1      | Reached XP level 3. HP: 26/26 MP: 4/7
  1379 | D:2      | Noticed Sigmund
  1379 | D:2      | Noticed Natasha
  1775 | D:2      | Learned a level 3 spell: Mephitic Cloud
  1801 | D:2      | Killed Natasha
  1802 | D:2      | Gained mutation: You are partially covered in icy blue
                  | scales. (AC +2) [demonic ancestry]
  1802 | D:2      | Reached XP level 4. HP: 28/33 MP: 1/9
  1816 | D:2      | Noticed Natasha
  1824 | D:2      | Killed Natasha
  1928 | D:2      | Noticed Natasha
  1941 | D:2      | Killed Natasha
  2106 | D:2      | Reached XP level 5. HP: 32/38 MP: 3/10
  2778 | D:3      | Reached skill level 1 in Poison Magic
  2873 | D:3      | Reached skill level 1 in Air Magic
  2876 | D:3      | Found a blossoming altar of Fedhas.
  3004 | D:3      | Found a glowing drain.
  3014 | D:3      | Killed by an exploding ball python... ignited by their
                  | inner flame

Illustrated notes

Levels and vault maps discovered:
D:1:      dpeg_arrival_rhombus, layout_loops_ring
D:2:      layout_loops_cross, basic_altar, kennysheep_nondescript, uniq_sigmund,
          uniq_natasha
D:3:      layout_basic, fedhas_altar_fruit_tree, portal_sewer_entry_b,
          shapermc_ecumenical_altar_hornbeckon, gammafunk_ghost_cemetery

Skill      XL: |  1  2  3  4  5 |
---------------+----------------+-----
Fighting       | 1 2 |  2.1
Translocations | 1 |  1.7
Conjurations   | 2 |  2.4
Poison Magic   | 1 |  1.2
Air Magic      | 1 |  1.0
Summonings     | 2 |  2.0
Dodging        | |  1.7
Stealth        | |  1.7
Spellcasting   | |  3.7

Action                     |  1- 3 |  4- 6 || total
---------------------------+-------+-------++-------
  Melee: Short sword       |    28 |    34 ||    62
         Touch             |     2 |     6 ||     8
         Dagger            |     1 |       ||     1
         Punch             |     1 |       ||     1
   Cast: Magic Dart        |    72 |    39 ||   111
         Call Imp          |     9 |     8 ||    17
         Blink             |       |     1 ||     1
         Mephitic Cloud    |       |     1 ||     1
    Use: Scroll            |       |     4 ||     4
   Stab: Sleeping          |       |     2 ||     2
 Armour: Robe              |     9 |    12 ||    21
  Dodge: Dodged            |    45 |    61 ||   106

Table legend: (Time is in decaauts)
 A = Elapsed time spent in this place.
 B = Non-inter-level travel time spent in this place.
 C = Inter-level travel time spent in this place.
 D = Time resting spent in this place.
 E = Time spent auto-exploring this place.
 F = Levels seen in this place.
 G = Mean time per level.
                   A        B        C        D        E       F      G
               +--------+--------+--------+--------+--------+-----+--------+
         Total |   3020 |   2943 |     77 |    103 |   2069 |   3 | 1006.7 |
       Dungeon |   3020 |   2943 |     77 |    103 |   2069 |   3 | 1006.7 |
               +--------+--------+--------+--------+--------+-----+--------+

Top non-repeatable levels by time:
     D:1: 1394 daAuts
     D:2: 1199 daAuts
     D:3: 426 daAuts
